[Event "Team 45 45 League T53"]
[Site "Internet Chess Club"]
[Date "2012.06.27"]
[Round "6"]
[White "Warpdrive"]
[Black "ChessicalZ"]
[Result "0-1"]
[WhiteElo "1600"]
[BlackElo "1878"]
[Opening "Alekhine's defense: Sämisch attack"]
[ECO "B02"]
[Time "15:00:26"]
[TimeControl "2700+45"]

1. e4 Nf6 2. e5 Nd5 3. Nc3 Nxc3 4. dxc3 d6 5. Bf4 Nc6 6. Nf3 Bg4 7. Bb5 g6 8. h3
Bd7 9. exd6 exd6 10. Qe2+ Qe7 11. O-O-O Qxe2 12. Bxe2 Bg7 13. Rhe1 O-O 14. Bc4
h6 15. Be3 Rae8 16. Bd4 Nxd4 17. Nxd4 a6 18. Nf3 Rxe1 19. Rxe1 Re8 20. Rxe8+
Bxe8 21. Nd4 c5 22. Nb3 Bc6 23. f3 b5 24. Be2 Be5 25. c4 Kg7 26. cxb5 axb5 27.
c3 Kf6 28. Nd2 Bf4 29. Kd1 Bxd2 30. Kxd2 Ke5 31. Ke3 g5 32. g4 f5 33. c4 f4+ 34.
Kd3 bxc4+ 35. Kxc4 Bd5+ 36. Kc3 Bxa2 37. b4 cxb4+ 38. Kxb4 Kd4 39. Ka3 Ke3 40.
Bb5 Bd5 41. Kb2 Kxf3 42. Kc1 Kg3 43. Bf1 Bg2 {White resigns} 0-1

[Event "Team 45 45 League T53"]
[Site "Internet Chess Club"]
[Date "2012.06.25"]
[Round "6"]
[White "whitetiger"]
[Black "CaoCao"]
[Result "1-0"]
[WhiteElo "1819"]
[BlackElo "1878"]
[Opening "two knights defense: Ulvestad variation"]
[ECO "C57"]
[Time "22:25:52"]
[TimeControl "2700+45"]

1. e4 e5 2. Nf3 Nc6 3. Bc4 Nf6 4. Ng5 d5 5. exd5 b5 6. Bf1 Nd4 7. c3 h6 8. cxd4
hxg5 9. Bxb5+ Bd7 10. Qe2 e4 11. Nc3 Be7 12. Bxd7+ Qxd7 13. Nxe4 Qxd5 14. Nxf6+
gxf6 15. O-O Qxd4 16. Re1 Qd6 17. g3 Kf8 18. d3 Re8 19. Be3 Qd7 20. Qf1 c6 21.
Rac1 Kg7 22. Qg2 Qxd3 23. Qxc6 Qh7 24. Qg2 Bd6 25. Red1 Be5 26. b3 g4 27. Rc4
Qh5 28. b4 Rd8 29. Rdc1 Bb2 30. Rf1 a6 31. f3 gxf3 32. Qxb2 Qh3 33. Rd4 Rde8 34.
Rf4 Qg2+ 35. Qxg2 fxg2 36. Kxg2 Rxe3 37. Rxf6 Re2+ 38. R6f2 Re4 39. Rxf7+ Kg6
40. R7f6+ Kg7 41. Rxa6 Re2+ 42. Kf3 Rhxh2 43. Rc1 Rhf2+ 44. Kg4 Re4+ 45. Kh3
Rxb4 46. Rc7+ Rf7 47. Rxf7+ Kxf7 48. a4 Rb1 49. a5 Ra1 50. Kh4 Kg7 51. g4 Kf7
52. Kg5 Ra2 53. Ra7+ Ke6 54. Kg6 {Black resigns} 1-0

[Event "Team 45 45 League T53"]
[Site "Internet Chess Club"]
[Date "2012.06.30"]
[Round "6"]
[White "CzwartyWymiar"]
[Black "RamRock"]
[Result "0-1"]
[WhiteElo "1713"]
[BlackElo "1721"]
[Opening "Dutch: Staunton gambit, Staunton's line"]
[ECO "A83"]
[Time "10:02:26"]
[TimeControl "2700+45"]

1. d4 f5 2. e4 fxe4 3. Nc3 Nf6 4. Bg5 Nc6 5. d5 Ne5 6. Qe2 c6 7. O-O-O cxd5 8.
Bxf6 gxf6 9. Nxd5 e6 10. Qh5+ Nf7 11. Nf4 Bh6 12. Nh3 Qc7 13. g3 e5 14. Bg2 exf4
15. Bxe4 fxg3+ 16. Kb1 Qe5 17. Qf3 Ng5 18. Nxg5 Qxg5 19. Bd5 gxf2 20. Qxf2 Bf8
21. Rhe1+ Be7 22. Qe2 f5 23. Rg1 Qf6 24. Qh5+ Kd8 25. Rge1 d6 26. Qf3 h5 27. Rd3
Rb8 28. Rde3 Rh7 29. Qg3 Rg7 30. Qf3 h4 31. Qh5 Bd7 32. Qh8+ Qf8 33. Qh6 Bg5
{White resigns} 0-1

[Event "Team 45 45 League T53"]
[Site "Internet Chess Club"]
[Date "2012.06.23"]
[Round "6"]
[White "eurander"]
[Black "Greedy-Reedy"]
[Result "1-0"]
[WhiteElo "2126"]
[BlackElo "1990"]
[Opening "Robatsch defense: Geller's system"]
[ECO "B06"]
[Time "10:03:37"]
[TimeControl "2700+45"]

1. e4 g6 2. c3 Bg7 3. d4 d6 4. Nf3 Nf6 5. Qc2 Nbd7 6. Bg5 O-O 7. Be2 c6 8. Nbd2
Qc7 9. O-O e5 10. dxe5 dxe5 11. a4 a5 12. Bc4 Nc5 13. Be3 Ne6 14. Qb3 h6 15. g3
Nd7 16. Bxe6 fxe6 17. Qxe6+ Kh7 18. Qe7 Qd8 19. Qxd8 Rxd8 20. Nc4 b5 21. axb5
cxb5 22. Nxa5 Nf6 23. Bb6 Rd3 24. Nxe5 Rd2 25. Nac4 Rxa1 26. Nxd2 Ra2 27. Nd3
Be6 28. Rb1 h5 29. Nb4 Ra8 30. Bd4 Bh6 31. Bxf6 Bxd2 32. Rd1 Bh3 33. Bd4 Bg5 34.
f4 Bd8 35. Kf2 Bg4 36. Rb1 h4 37. Nd5 Be6 38. Nf6+ Bxf6 39. Bxf6 h3 40. Rd1 Ra2
41. Rd2 Kg8 42. Kf3 Kf7 43. Bd4 Ra1 44. g4 Bc4 45. f5 Bf1 46. e5 g5 47. e6+ Ke8
48. Bf6 Bg2+ 49. Kg3 Ra8 50. Bxg5 {Black resigns} 1-0

[Event "Team 45 45 League T53"]
[Site "Internet Chess Club"]
[Date "2012.06.25"]
[Round "6"]
[White "achessman"]
[Black "CHESS-CHAMPION"]
[Result "1/2-1/2"]
[WhiteElo "1930"]
[BlackElo "1900"]
[Opening "Sicilian defense"]
[ECO "B20"]
[Time "07:09:02"]
[TimeControl "2700+45"]

1. e4 c5 2. b3 Nf6 3. e5 Nd5 4. Bb2 e6 5. Nf3 Be7 6. Be2 Nf4 7. O-O Nxe2+ 8.
Qxe2 Nc6 9. c3 d5 10. d4 b6 11. Nbd2 O-O 12. Rfd1 Bd7 13. Rac1 Qc7 14. c4 dxc4
15. Qxc4 Na5 16. Qe2 Rfc8 17. dxc5 bxc5 18. Ba3 Bc6 19. Ne4 Nb7 20. Rc2 Qa5 21.
Bc1 Bd5 22. Nfd2 Qb4 23. Nc4 a5 24. Bd2 Qb5 25. Nc3 Qc6 26. f3 h6 27. Be3 Rd8
28. Na4 Rac8 29. Rdc1 Qb5 30. Kf2 Bh4+ 31. g3 Be7 32. Na3 Qb4 33. Nc4 Qb5 34.
Ncb2 Qc6 35. Nc3 f6 36. Bf4 g5 37. exf6 Bxf6 38. Bd2 Bd4+ 39. Be3 Bxf3 40. Qd3
Rf8 41. Qg6+ Bg7 42. Kg1 Rf6 43. Qd3 Rcf8 44. Nc4 Rf5 45. Nd2 Bg2 46. Nce4 Bh3
47. Bxc5 Nxc5 48. Rxc5 Qb6 49. Kh1 Rxc5 50. Rxc5 Rd8 51. Qb5 Qxb5 52. Rxb5 Rd5
53. Rxd5 exd5 54. Nf2 Bf5 55. Nd1 Bd4 56. Kg2 Bc2 57. Nf3 Bf6 58. Ne3 Be4 59.
Kf2 Kf7 60. Ng4 Bg7 61. Nge5+ Ke6 62. Nc6 Bc3 63. Ncd4+ Kd7 64. Ke3 Bb1 65. a4
Be4 66. Ne5+ Ke7 {Game drawn by mutual agreement} 1/2-1/2

[Event "Team 45 45 League T53"]
[Site "Internet Chess Club"]
[Date "2012.06.22"]
[Round "6"]
[White "kidcobra"]
[Black "Nakke"]
[Result "0-1"]
[WhiteElo "1748"]
[BlackElo "1962"]
[Opening "Caro-Kann: advance variation"]
[ECO "B12"]
[Time "13:06:39"]
[TimeControl "2700+45"]

1. e4 c6 2. d4 d5 3. e5 Bf5 4. Bd3 Bxd3 5. Qxd3 e6 6. Ne2 Nd7 7. O-O c5 8. c3
Ne7 9. Na3 cxd4 10. cxd4 Nc6 11. Nc2 Be7 12. f4 g6 13. g4 Qb6 14. Bd2 h5 15. f5
Ncxe5 16. Qh3 Nxg4 17. fxe6 fxe6 18. Nf4 Nf8 19. Rae1 O-O-O 20. Qg3 Nh6 21. Rc1
Bd6 22. Qg5 Nf5 23. Nxg6 Nxg6 24. Rxf5 exf5 25. Kh1 Ne7 26. Nb4+ Kb8 27. Bf4
Qxb4 28. Bxd6+ Qxd6 29. b4 Rhg8 30. Qd2 f4 31. Rc6 Nxc6 32. Qd1 f3 33. Qxf3 Rdf8
34. Qh3 Qf4 35. Qc8+ Kxc8 36. b5 Qe4# {White checkmated} 0-1

[Event "Team 45 45 League T53"]
[Site "Internet Chess Club"]
[Date "2012.06.21"]
[Round "6"]
[White "imgr8"]
[Black "Yosemite-Sam"]
[Result "1-0"]
[WhiteElo "2143"]
[BlackElo "1816"]
[Opening "Caro-Kann: advance variation"]
[ECO "B12"]
[Time "20:04:23"]
[TimeControl "2700+45"]

1. e4 c6 2. d4 d5 3. e5 Bf5 4. h4 h5 5. c4 e6 6. Nc3 Nd7 7. cxd5 exd5 8. Bd3
Bxd3 9. Qxd3 Be7 10. Nf3 Nh6 11. e6 Nf6 12. Ne5 Bb4 13. Bxh6 Bxc3+ 14. bxc3 Rxh6
15. Nxf7 Qe7 16. Nxh6 Qxe6+ 17. Kf1 gxh6 18. Qg6+ Kd7 19. Re1 Rg8 20. Qxh6 Qf5
21. Rh3 Qxf2+ 22. Kxf2 Ng4+ 23. Kg1 Nxh6 24. Re5 Ng4 25. Rxh5 Re8 26. Rh7+ Kd6
27. Rf3 Re1+ 28. Rf1 Re6 29. Rxb7 Rh6 30. g3 Re6 31. Rff7 Re1+ 32. Kg2 Ra1 33.
Kh3 {Black resigns} 1-0

[Event "Team 45 45 League T53"]
[Site "Internet Chess Club"]
[Date "2012.06.25"]
[Round "6"]
[White "cys456"]
[Black "Skwerly"]
[Result "1-0"]
[WhiteElo "1760"]
[BlackElo "1889"]
[Opening "Alekhine's defense: exchange variation"]
[ECO "B02"]
[Time "20:02:57"]
[TimeControl "2700+45"]

1. e4 Nf6 2. e5 Nd5 3. c4 Nb6 4. d4 d6 5. exd6 cxd6 6. Nc3 g6 7. Nf3 Bg4 8. h3
Bxf3 9. Qxf3 Nc6 10. Be3 Bg7 11. Qd1 O-O 12. Be2 Rc8 13. Rc1 e5 14. d5 Ne7 15.
b3 f5 16. Bg5 h6 17. Bxe7 Qxe7 18. O-O e4 19. Nb5 Qe5 20. b4 a6 21. Nxd6 Qxd6
22. c5 Qf6 23. cxb6 Qxb6 24. Kh1 Rxc1 25. Qxc1 Qxb4 26. Qc7 Rf7 27. Qd8+ Bf8 28.
d6 Qxd6 29. Qxd6 Bxd6 30. Bc4 Kf8 31. Bxf7 Kxf7 32. Rb1 b5 33. Rc1 Ke6 34. Rc6
a5 35. Ra6 a4 36. Ra5 g5 37. Rxb5 f4 38. Kg1 a3 39. Kf1 Be5 40. Ke2 h5 41. Ra5
g4 42. hxg4 hxg4 43. Rxa3 Bd4 44. Ra5 Bf6 45. Rb5 Bd4 46. a4 Kd6 47. a5 Kc6 48.
Rb4 Kd5 49. Rxd4+ Kxd4 50. a6 f3+ 51. gxf3 exf3+ 52. Kf1 {Black resigns} 1-0

[Event "Team 45 45 League T53"]
[Site "Internet Chess Club"]
[Date "2012.06.22"]
[Round "6"]
[White "McKnights"]
[Black "zap2"]
[Result "1-0"]
[WhiteElo "1844"]
[BlackElo "1799"]
[Opening "Caro-Kann defense"]
[ECO "B10"]
[Time "04:12:21"]
[TimeControl "2700+45"]

1. e4 c6 2. Nf3 d5 3. exd5 cxd5 4. d4 Nc6 5. Nc3 Bg4 6. Be2 Nf6 7. O-O e6 8. a3
Be7 9. h3 Bxf3 10. Bxf3 O-O 11. Re1 a6 12. Bg5 Rc8 13. Ne2 b5 14. c3 Na5 15. Qc2
Nc4 16. b3 Nxa3 17. Qd3 b4 18. Rec1 bxc3 19. Bxf6 gxf6 20. Nxc3 Qb6 21. Qe3 Qxb3
22. Nxd5 Qxe3 23. Nxe7+ Kg7 24. fxe3 Rc2 25. Be4 Rxc1+ 26. Rxc1 Re8 27. Nc6 f5
28. Bf3 Nb5 29. Ra1 Nc7 30. Ra5 Nd5 31. Bxd5 exd5 32. Kf2 Rc8 33. Rxa6 Kf8 34.
Kf3 Ke8 35. Kf4 f6 36. Kxf5 Kd7 37. Nb4 Rc2 38. Nxd5 Rxg2 39. Nxf6+ Kc7 40. Ra7+
Kd6 41. Rxh7 Rf2+ 42. Kg5 Rg2+ 43. Ng4 Kd5 44. Re7 Rg1 45. h4 Kd6 46. Re5 Rf1
47. h5 Rf8 48. Nf6 Kc6 49. h6 Kd6 50. h7 Rh8 51. Kg6 Rc8 52. Ng8 Rc1 53. h8=Q
Rg1+ 54. Rg5 Rc1 55. Qe5+ Kd7 56. Qe7+ Kc6 57. d5+ Kb6 58. Qd8+ Ka6 59. d6 Rc7
60. dxc7 Kb7 61. c8=Q+ {Black resigns} 1-0

[Event "Team 45 45 League T53"]
[Site "Internet Chess Club"]
[Date "2012.06.25"]
[Round "6"]
[White "subterfuge"]
[Black "randallsr"]
[Result "1-0"]
[WhiteElo "1730"]
[BlackElo "1720"]
[Opening "King's Indian defense, 3.Nc3"]
[ECO "E61"]
[Time "21:00:13"]
[TimeControl "2700+45"]

1. d4 Nf6 2. c4 g6 3. Nc3 d6 4. e4 Nbd7 5. Bd3 Bg7 6. f3 O-O 7. Be3 c5 8. Nge2
cxd4 9. Nxd4 Nc5 10. Bc2 a6 11. Qd2 Qc7 12. h4 h5 13. O-O-O Rd8 14. Rhg1 Rb8 15.
Nd5 Nxd5 16. exd5 Nd7 17. g4 Nf6 18. gxh5 Qxc4 19. hxg6 Nxd5 20. gxf7+ Kxf7 21.
Kb1 Bxd4 22. Bxd4 e5 23. Ba7 Nb4 24. Bb3 Bf5+ 25. Ka1 Nc2+ 26. Qxc2 Bxc2 27.
Bxc4+ Kf6 28. Bxb8 Bxd1 29. Rxd1 Rxb8 30. Rxd6+ Kf5 31. Bd3+ Kf4 32. Be4 Rh8 33.
a3 Rxh4 34. Rb6 Rh1+ 35. Ka2 Rd1 36. Bxb7 a5 37. Ra6 Rd7 38. Be4 Re7 39. Rxa5
Ke3 40. Rd5 Kf4 41. a4 Rc7 42. a5 Rc4 43. b3 Rc1 44. Kb2 Rc7 45. b4 Ra7 46. Kb3
Rc7 47. a6 Rc1 48. Ra5 Re1 49. a7 Re3+ 50. Kc4 Re1 51. a8=Q Rc1+ 52. Kb5 Re1 53.
Qf8+ Kg3 54. Qg7+ Kf2 55. Ra2+ Ke3 56. Qg5+ Kd4 57. Qd2# {Black checkmated} 1-0

[Event "Team 45 45 League T53"]
[Site "Internet Chess Club"]
[Date "2012.06.26"]
[Round "6"]
[White "zepled37"]
[Black "powerchess1"]
[Result "0-1"]
[WhiteElo "1557"]
[BlackElo "1693"]
[Opening "Réti opening"]
[ECO "A13"]
[Time "19:12:21"]
[TimeControl "2700+45"]

1. Nf3 e6 2. c4 f5 3. Nc3 Nf6 4. g3 Bb4 5. a3 Bxc3 6. bxc3 O-O 7. Bg2 d6 8. O-O
e5 9. d3 Qe8 10. Nd2 Nbd7 11. Rb1 c6 12. a4 Qh5 13. e4 Qxd1 14. Rxd1 Nc5 15. Nf1
Nxa4 16. Rb3 Nc5 17. Rb1 fxe4 18. d4 exd4 19. cxd4 Nd3 20. Ba3 Rd8 21. Bxe4 Nxf2
22. Bxh7+ Kxh7 23. Kxf2 Ne4+ 24. Ke3 Nc3 25. Nd2 Nxd1+ 26. Rxd1 Re8+ 27. Kf4
Rf8+ 28. Ke3 Bg4 29. Rb1 Rae8+ 30. Kd3 Bf5+ 31. Kc3 Bxb1 32. Nxb1 Rf3+ 33. Kb4
Ree3 {White resigns} 0-1

[Event "Team 45 45 League T53"]
[Site "Internet Chess Club"]
[Date "2012.06.22"]
[Round "6"]
[White "spongenotbob"]
[Black "BrerRabbit"]
[Result "0-1"]
[WhiteElo "1693"]
[BlackElo "1508"]
[Opening "King's Indian: Petrosian system"]
[ECO "E92"]
[Time "19:03:44"]
[TimeControl "2700+45"]

1. d4 Nf6 2. c4 g6 3. Nc3 Bg7 4. e4 d6 5. Nf3 O-O 6. Be2 e5 7. d5 Na6 8. O-O Nc5
9. Qc2 a5 10. Be3 Ng4 11. Bxc5 dxc5 12. h3 Nh6 13. Qd2 f6 14. Qe3 Qe7 15. Rfd1
Nf7 16. Nb5 Bh6 17. Qd3 Nd6 18. Nc3 Bd7 19. Nd2 f5 20. Nf3 fxe4 21. Nxe4 Bf5 22.
Qc3 Nxe4 23. Qxe5 Qxe5 24. Nxe5 Rae8 25. Nf3 Nd6 26. Bf1 Bg7 27. Rd2 Bh6 28.
Rdd1 Bg7 29. Rd2 Ne4 30. Re2 Nd6 31. Rd2 Bh6 32. Rdd1 b6 33. a3 Bd7 34. a4 Bf5
35. Ne1 Be4 36. g4 Bf3 37. Rd3 Be2 38. Rc3 Bxf1 39. Kxf1 Bd2 40. Rc2 Bxe1 41.
Rxe1 Rxe1+ 42. Kxe1 Re8+ 43. Kd2 Re4 44. b3 Kf7 45. Kc3 Rf4 46. Re2 Rf3+ 47. Re3
Rxf2 48. Kd3 Rf4 49. Kc3 Ne4+ 50. Kd3 Ng5 51. Kc3 Rf3 {White resigns} 0-1

[Event "Team 45 45 League T53"]
[Site "Internet Chess Club"]
[Date "2012.06.24"]
[Round "6"]
[White "AlPearson"]
[Black "drsigmund1"]
[Result "0-1"]
[WhiteElo "1238"]
[BlackElo "1523"]
[Opening "QGD Slav defense"]
[ECO "D10"]
[Time "14:16:49"]
[TimeControl "2700+45"]

1. d4 d5 2. c4 c6 3. Nc3 dxc4 4. e3 b5 5. a4 b4 6. Ne4 e5 7. Nf3 Bg4 8. Bxc4
exd4 9. Qb3 Qe7 10. Nd6+ Qxd6 11. Bxf7+ Kd8 12. Bxg8 d3 13. O-O c5 14. Bd5 Nc6
15. Ne5 Qxe5 16. Bxc6 c4 17. Qxc4 Rc8 18. Qxd3+ Bd6 19. f4 Qc5 20. Bb5 Kc7 21.
Qc4 Kb8 22. Qxc5 Rxc5 23. Bd2 Rc2 24. Bc1 Bf5 25. Rf2 Rhc8 26. Rxc2 Rxc2 27. b3
Be4 28. Bf1 Bc5 29. g4 Rxc1 30. Rxc1 Bxe3# {White checkmated} 0-1

[Event "Team 45 45 League T53"]
[Site "Internet Chess Club"]
[Date "2012.06.24"]
[Round "6"]
[White "gnokin"]
[Black "Goli"]
[Result "0-1"]
[WhiteElo "1846"]
[BlackElo "1888"]
[Opening "Pirc: Austrian attack, 6.Bd3"]
[ECO "B06"]
[Time "14:00:11"]
[TimeControl "2700+45"]

1. e4 g6 2. d4 Bg7 3. Nc3 d6 4. f4 Nf6 5. Nf3 O-O 6. Bd3 c5 7. dxc5 dxc5 8. e5
Nd5 9. Nxd5 Qxd5 10. Qe2 Nc6 11. Be4 Qd7 12. c3 b6 13. O-O Bb7 14. Be3 Rad8 15.
Bf2 Bh6 16. Bg3 Qg4 17. Qe1 Qc8 18. h3 Ba6 19. Rf2 Bd3 20. Bxd3 Rxd3 21. Rd1
Rxd1 22. Qxd1 Rd8 23. Rd2 Rxd2 24. Qxd2 Qd8 25. Kf2 Qxd2+ 26. Nxd2 Nxe5 27. Ke2
Nc6 28. Kf3 e5 29. Nf1 exf4 30. Bxf4 Bxf4 31. Kxf4 f6 32. Ne3 Ne7 33. b4 cxb4
34. cxb4 Kf7 35. a3 Ke6 36. Ke4 h5 37. g4 hxg4 38. hxg4 f5+ 39. gxf5+ gxf5+ 40.
Kd4 Nc6+ 41. Kc4 f4 42. Nd1 Ke5 43. Kb5 Nb8 44. a4 Kd4 45. a5 bxa5 46. Kxa5 Kc4
47. b5 f3 48. Ne3+ Kd3 49. Ng4 Kd4 50. Nf2 Kc5 51. Ne4+ Kd5 52. Nf2 Kc4 53. Ne4
Kd5 54. Nf2 Kd6 55. Ne4+ Kc7 56. Nf2 Kb7 57. Ne4 Nd7 58. Nd6+ Kc7 59. Ne4 Nc5
60. Nf2 Kb7 61. Kb4 Kb6 62. Kc4 Ne6 63. Kd3 Kxb5 64. Ke3 Ng5 65. Kf4 a5 66. Kxg5
a4 67. Kf4 a3 68. Nd1 f2 69. Nxf2 a2 {White resigns} 0-1

[Event "Team 45 45 League T53"]
[Site "Internet Chess Club"]
[Date "2012.06.23"]
[Round "6"]
[White "bayoumicardio10"]
[Black "AlexMano"]
[Result "0-1"]
[WhiteElo "1650"]
[BlackElo "1755"]
[Opening "Pirc: 150 attack"]
[ECO "B07"]
[Time "18:00:36"]
[TimeControl "2700+45"]

1. e4 d6 2. d4 Nf6 3. Nc3 g6 4. Be3 c6 5. Qd2 Nbd7 6. Nf3 Qc7 7. h3 b5 8. Bd3
Bg7 9. O-O e5 10. dxe5 Nxe5 11. Nxe5 dxe5 12. Bxb5 cxb5 13. Nxb5 Qd7 14. Nd6+
Kf8 15. Bc5 Kg8 16. Rfd1 Bf8 17. Qa5 Qc6 18. Nxc8 Qxc5 19. Qd8 Kg7 20. b4 Qxc8
21. Qd2 Be7 22. f3 Rd8 23. Qe3 Bxb4 {White resigns} 0-1

[Event "Team 45 45 League T53"]
[Site "Internet Chess Club"]
[Date "2012.06.22"]
[Round "6"]
[White "BuddyT"]
[Black "Hal2001"]
[Result "1-0"]
[WhiteElo "1846"]
[BlackElo "1651"]
[Opening "Modern defense"]
[ECO "A40"]
[Time "16:10:44"]
[TimeControl "2700+45"]

1. d4 g6 2. Nf3 Bg7 3. c4 c5 4. d5 d6 5. Nc3 Bxc3+ 6. bxc3 Qa5 7. e4 Qxc3+ 8.
Bd2 Qa3 9. Be2 f5 10. exf5 Bxf5 11. Nh4 Bd3 12. O-O Nd7 13. Bg5 Bxe2 14. Qxe2
O-O-O 15. Rfb1 Qc3 16. Bc1 Qe5 17. Qd1 Ngf6 18. Nf3 Qf5 19. Qb3 b6 20. a4 Kc7
21. Ng5 Nf8 22. a5 Rb8 23. axb6+ axb6 24. Ra7+ Kd8 25. Ra8 Qd7 {Black resigns}
1-0

[Event "Team 45 45 League T53"]
[Site "Internet Chess Club"]
[Date "2012.06.24"]
[Round "6"]
[White "DutchBird"]
[Black "AntonioMendonca"]
[Result "1/2-1/2"]
[WhiteElo "1356"]
[BlackElo "1873"]
[Opening "French: exchange variation"]
[ECO "C01"]
[Time "14:21:51"]
[TimeControl "2700+45"]

1. e4 e6 2. d4 d5 3. exd5 exd5 4. c4 Bb4+ 5. Nc3 Nf6 6. Bd3 O-O 7. Nf3 dxc4 8.
Bxc4 Qe7+ 9. Be3 Be6 10. Bd3 Nbd7 11. O-O h6 12. Re1 Rad8 13. a3 Bxc3 14. bxc3
c5 15. Qe2 Rfe8 16. Rab1 Bd5 17. Bb5 a6 18. Bxd7 Nxd7 19. Qd1 Qf6 20. Rc1 Bxf3
21. Qxf3 Qxf3 22. gxf3 b5 23. dxc5 Ne5 24. Kg2 Nd3 {Game drawn by mutual
agreement} 1/2-1/2

[Event "Team 45 45 League T53"]
[Site "Internet Chess Club"]
[Date "2012.06.22"]
[Round "6"]
[White "barbak"]
[Black "room-matt"]
[Result "0-1"]
[WhiteElo "1888"]
[BlackElo "1775"]
[Opening "Ruy Lopez: fianchetto (Smyslov/Barnes) defense"]
[ECO "C60"]
[Time "15:38:22"]
[TimeControl "2700+45"]

1. e4 e5 2. Nf3 Nc6 3. Bb5 g6 4. O-O Bg7 5. c3 Nge7 6. d4 exd4 7. cxd4 d5 8.
exd5 Nxd5 9. Re1+ Be6 10. Bg5 Qb8 11. Nbd2 O-O 12. Bxc6 bxc6 13. Qc1 h6 14. Bh4
c5 15. Nb3 cxd4 16. Nfxd4 Re8 17. Nxe6 Rxe6 18. Rxe6 fxe6 19. Qd2 Qb4 20. Qxb4
Nxb4 21. Nc5 Re8 22. a3 Bxb2 23. Rb1 Bxa3 24. Rb3 Nc2 25. Rc3 Rb8 26. h3 Rb2 27.
Nxe6 Bb4 28. Rd3 Bd6 {White forfeits on time} 0-1

[Event "Team 45 45 League T53"]
[Site "Internet Chess Club"]
[Date "2012.06.23"]
[Round "6"]
[White "zap2"]
[Black "Duguesclin"]
[Result "1-0"]
[WhiteElo "1806"]
[BlackElo "1570"]
[Opening "Réti: King's Indian attack"]
[ECO "A08"]
[Time "04:36:56"]
[TimeControl "2700+45"]

1. Nf3 d5 2. g3 c5 3. Bg2 Nc6 4. O-O e5 5. d3 f5 6. c4 d4 7. e3 Bd6 8. exd4 Nxd4
9. Nxe5 Bxe5 10. Re1 Qc7 11. f4 Ne7 12. Rxe5 O-O 13. Nc3 Nec6 14. Rxc5 Qe7 15.
b4 Nxb4 16. Re5 Qf6 17. Nd5 Nxd5 18. Bxd5+ Be6 19. Bxe6+ Nxe6 20. Bb2 Nxf4 21.
gxf4 Qb6+ 22. d4 Qxb2 23. d5 g5 24. Rb1 Qxa2 25. c5 Qc4 26. d6 Qxf4 27. Qd5+ Rf7
28. Rf1 Qg4+ 29. Kh1 Rf8 30. Rexf5 Kg7 31. Rxf7+ Rxf7 32. Qxf7+ Kh6 33. Qf8+ Kh5
34. Qf7+ Kh6 35. Rf6# {Black checkmated} 1-0

[Event "Team 45 45 League T53"]
[Site "Internet Chess Club"]
[Date "2012.06.25"]
[Round "6"]
[White "Ayensa80"]
[Black "Dracoac"]
[Result "0-1"]
[WhiteElo "1650"]
[BlackElo "1823"]
[Opening "Caro-Kann: two knights variation"]
[ECO "B11"]
[Time "14:19:46"]
[TimeControl "2700+45"]

1. e4 c6 2. Nc3 d5 3. Nf3 e6 4. d4 Bb4 5. exd5 cxd5 6. Bd3 Nf6 7. a3 Bxc3+ 8.
bxc3 Qc7 9. Bb2 O-O 10. O-O Nbd7 11. Re1 b6 12. Qe2 Bb7 13. c4 dxc4 14. Bxc4
Bxf3 15. gxf3 Rac8 16. Bd3 Nd5 17. Qe4 N7f6 18. Qe5 Nf4 19. Qxc7 Rxc7 20. Rac1
Nxd3 21. cxd3 Rfc8 22. Rxc7 Rxc7 23. Rc1 Rxc1+ 24. Bxc1 Nd5 25. Kf1 h6 26. Ke2
b5 27. Bd2 g5 28. Bc1 Kg7 29. Bd2 Kf6 30. Bc1 Kf5 31. Bd2 Kg6 32. Kf1 Nf4 33.
Be3 a6 34. Ke1 Nxd3+ 35. Kd2 Nf4 36. Kd1 Nd5 37. Bd2 Kh5 38. Ke2 Kh4 {White
resigns} 0-1

[Event "Team 45 45 League T53"]
[Site "Internet Chess Club"]
[Date "2012.06.24"]
[Round "6"]
[White "beitmery"]
[Black "Konstantinos"]
[Result "1-0"]
[WhiteElo "1765"]
[BlackElo "1673"]
[Opening "QGD semi-Slav: 5.e3"]
[ECO "D45"]
[Time "10:12:02"]
[TimeControl "2700+45"]

1. d4 d5 2. c4 c6 3. Nf3 Nf6 4. Nc3 e6 5. e3 Be7 6. cxd5 cxd5 7. Be2 O-O 8. O-O
b6 9. Bd2 Ba6 10. Bxa6 Nxa6 11. a3 Nc7 12. Ne5 Nce8 13. Nc6 Qd7 14. Nxe7+ Qxe7
15. Rc1 Qd7 16. Qe2 Nd6 17. Na2 Rac8 18. Bb4 Rfe8 19. Rxc8 Rxc8 20. Rc1 Rxc1+
21. Nxc1 Nb5 22. Nd3 Qc7 23. f3 Nd6 24. Bxd6 Qxd6 25. Qc2 g6 26. Ne5 Qd8 27. b4
Nd7 28. Nc6 Qa8 29. b5 a5 30. a4 Kg7 31. e4 Qc8 32. exd5 exd5 33. Qe2 Qf8 34.
Ne7 Kf6 35. Nxd5+ Kg7 36. Qe3 Qd6 37. Qe4 Nf6 38. Nxf6 Kxf6 39. f4 Qe6 40. Qe5+
Qxe5 41. dxe5+ Kf5 42. g3 h5 43. Kf2 f6 44. exf6 Kxf6 45. Ke3 Kf5 46. Kd4 Ke6
47. h3 Kd6 48. g4 h4 49. f5 {Black resigns} 1-0

[Event "Team 45 45 League T53"]
[Site "Internet Chess Club"]
[Date "2012.06.24"]
[Round "6"]
[White "Svend24"]
[Black "DARKwizard1"]
[Result "1/2-1/2"]
[WhiteElo "1963"]
[BlackElo "1985"]
[Opening "Ruy Lopez: classical (Cordel) defense"]
[ECO "C64"]
[Time "10:02:59"]
[TimeControl "2700+45"]

1. e4 Nc6 2. Nf3 e5 3. Bb5 Bc5 4. O-O Nge7 5. c3 Bb6 6. d4 exd4 7. cxd4 O-O 8.
d5 Nb8 9. Nc3 d6 10. Bg5 f6 11. Bh4 Ng6 12. Bg3 f5 13. exf5 Bxf5 14. Nd4 Qf6 15.
Nxf5 Qxf5 16. Qd3 Qxd3 17. Bxd3 Ne5 18. Bxe5 dxe5 19. Rae1 Nd7 20. Bb5 Rad8 21.
Bxd7 Rxd7 22. Rxe5 Bd4 23. Re2 Bxc3 24. bxc3 Rxd5 25. Rfe1 h6 26. f3 Rfd8 27.
Re7 R8d7 28. Kf2 Kf8 29. Rxd7 Rxd7 30. Re4 Rd3 31. Re3 {Game drawn by mutual
agreement} 1/2-1/2

[Event "Team 45 45 League T53"]
[Site "Internet Chess Club"]
[Date "2012.06.20"]
[Round "6"]
[White "Innes"]
[Black "badmove"]
[Result "0-1"]
[WhiteElo "1695"]
[BlackElo "1767"]
[Opening "Scotch: Göring gambit"]
[ECO "C44"]
[Time "17:03:44"]
[TimeControl "2700+45"]

1. e4 e5 2. d4 exd4 3. Nf3 Nc6 4. c3 d5 5. e5 g6 6. Bg5 Be7 7. Bf4 Be6 8. Bb5
Bd7 9. O-O a6 10. Bxc6 Bxc6 11. Re1 g5 12. Bg3 h5 13. e6 f6 14. Nxd4 h4 15. Qd3
Rh6 16. Nf5 hxg3 17. Nxh6 gxf2+ 18. Kxf2 Bc5+ 19. Kg3 Qd6+ 20. Kh3 O-O-O 21. Nf7
Qf4 22. Qg3 Qf5+ 23. Qg4 Qd3+ 24. Qf3 Qh7+ 25. Kg4 Qh4+ 26. Kf5 Ne7+ 27. Kxf6
g4+ {White resigns} 0-1

[Event "Team 45 45 League T53"]
[Site "Internet Chess Club"]
[Date "2012.06.24"]
[Round "6"]
[White "Mobtaker"]
[Black "WillC"]
[Result "0-1"]
[WhiteElo "1774"]
[BlackElo "1762"]
[Opening "Scotch gambit: Benima defense"]
[ECO "C44"]
[Time "13:02:15"]
[TimeControl "2700+45"]

1. e4 e5 2. Nf3 Nc6 3. d4 exd4 4. Bc4 Be7 5. Nxd4 Nf6 6. Nf5 O-O 7. Qf3 d6 8.
Nc3 Ne5 9. Qe2 Nxc4 10. Qxc4 Be6 11. Qb5 b6 12. Nxe7+ Qxe7 13. Bg5 h6 14. Bh4
Bd7 15. Qd3 Bc6 16. Bxf6 gxf6 17. O-O-O Rfe8 18. Qg3+ Kh7 19. Rhe1 Rg8 20. Nd5
Bxd5 21. exd5 Qd7 22. Qd3+ Kh8 23. Re3 Rxg2 24. Rde1 Qg4 25. Qc3 Kg7 26. Qxc7
Rc8 27. Qxd6 Rxf2 28. c3 Qg5 29. Qg3 Rf5 30. Qxg5+ fxg5 31. Rd1 Rc5 32. d6 Rfd5
33. Red3 Rxd3 34. Rxd3 Rc8 35. b4 b5 36. Kb2 Kf6 37. Kb3 Ke6 38. a4 a6 39. d7
Rd8 40. c4 bxc4+ 41. Kxc4 Rxd7 42. Rxd7 Kxd7 43. a5 Kc6 44. Kc3 f5 45. Kc4 f4
46. Kd4 Kb5 47. Kc3 f3 {White resigns} 0-1

[Event "Team 45 45 League T53"]
[Site "Internet Chess Club"]
[Date "2012.06.23"]
[Round "6"]
[White "Tobiasdelmonte"]
[Black "pishd"]
[Result "0-1"]
[WhiteElo "1757"]
[BlackElo "1769"]
[Opening "Queen's gambit declined"]
[ECO "D30"]
[Time "07:49:20"]
[TimeControl "2700+45"]

1. d4 d5 2. c4 e6 3. Nf3 Be7 4. cxd5 exd5 5. g3 Nf6 6. Bg2 O-O 7. O-O c6 8. Nc3
Bf5 9. a3 Ne4 10. Nh4 Nxc3 11. bxc3 Bxh4 12. gxh4 Qxh4 13. Kh1 Bh3 14. Qd3 Bxg2+
15. Kxg2 Re8 16. Kh1 Nd7 17. Qf3 Nf6 18. Rg1 Qe4 19. Bh6 g6 20. Rg2 Qxf3 21.
exf3 Re2 22. Rb1 b6 23. Be3 Nh5 24. Kg1 Ra2 25. Bc1 Rc2 26. Kf1 Re8 27. Be3 Rxc3
28. a4 Ra3 29. Rb4 Ra1+ {White resigns} 0-1